 Dungeon Crawl Stone Soup version 0.31-a0-810-ga77100ea1a (webtiles) character file.

Game seed: 549963532868446369

69 jlumianski the Covered (level 4, -2/29 HPs)
             Began as a Gargoyle Fighter on Sept 22, 2023.
             Killed from afar by an orc wizard (9 damage)
             ... with a puff of flame
             ... on level 4 of the Dungeon.
             The game lasted 00:05:12 (504 turns).

jlumianski the Covered (Gargoyle Fighter)            Turns: 504, Time: 00:05:12

Health: -2/29      AC: 10    Str: 31 (32) XL:     4   Next: 20%
Magic:  4/4        EV: 10    Int:  7 (8)  God:
Gold:   89         SH:  4    Dex:  7 (9)  Spells: 3/3 levels left

rFire   . . .        i - +8 long sword of the Thing {flame, rC+ Str+4 Stlth-}
rCold   + . .        c - +0 buckler
rNeg    + . .        b - +0 scale mail
rPois   ∞            (no helmet)
rElec   +            (no cloak)
rCorr   .            (no gloves)
SInv    .            (no boots)
Will    .....        (no amulet) Stlth
                     f - +6 ring of strength
HPRegen 0.24/turn    (no ring)
MPRegen 0.09/turn

%: no passive effects
@: no status effects
A: sickness immunity, AC +3, negative energy resistance 1, electricity
resistance, torment resistance 1, petrification resistance
a: no special abilities


You were on level 4 of the Dungeon.
You visited 1 branch of the dungeon, and saw 4 of its levels.

You collected 89 gold pieces.

Inventory:

Hand Weapons
 a - a +0 war axe
 i - the +8 long sword of the Thing (weapon) {flame, rC+ Str+4 Stlth-}
   (You found it on level 3 of the Dungeon)

   Str+4:     It affects your strength (+4).
   rC+:       It protects you from cold.
   Stlth-:    It makes you less stealthy.
Missiles
 g - 8 stones (quivered)
Armour
 b - a +0 scale mail (worn)
 c - a +0 buckler (worn)
Jewellery
 f - a +6 ring of strength (left hand)
Scrolls
 e - a scroll of immolation {unknown}
 j - a scroll of teleportation {unknown}
 l - a scroll of identify {unknown}
Potions
 d - 2 potions of might
 h - a potion of heal wounds {unknown}
 k - a potion of degeneration


   Skills:
 + Level 3.9 Fighting
 * Level 0.1 Long Blades
 - Level 2.2 Axes
 + Level 4.0 Armour
 + Level 0.1 Dodging
 + Level 4.0 Shields


You had 3 spell levels left.
You didn't know any spells.
Your spell library was empty.

Dungeon Overview and Level Annotations

Branches:
Dungeon (4/15)
 Temple: D:4-7

Altars:
Cheibriados


Innate Abilities, Weirdness & Mutations

You are immune to sickness and miasma.
Your stone body is resilient. (AC +3)
You are immune to poison.
You resist negative energy. (rN+)
You are resistant to electric shocks. (rElec)
You are resistant to unholy torment.
You are immune to petrification.


Message History

You throw a stone.
The stone hits the orc wizard but does no damage.
The orc wizard is heavily wounded.
Throw: 9 stones
Press: ? - help, Q - select action Shift-Dir - straight line, f/p - orc wizard
Aim: an orc wizard, wielding a +0 dagger of distortion and wearing a +0 robe (heavily wounded, 40% to hit)
You throw a stone.
The stone closely misses the orc wizard.
You completely miss the orc wizard.
The orc wizard is heavily wounded.
The orc wizard barely misses you.
You miss the orc wizard.
The orc wizard is heavily wounded.
The orc wizard points at you and mumbles some strange words.
You are confused.
The orc wizard hits you but does no damage.
You blink.
You bump into the rock wall.
The orc wizard hits you with a +0 dagger of distortion.
Space warps around you.
You bump into the rock wall.
The orc wizard hits you with a +0 dagger of distortion.
You blink.
Found a green potion.
It was a potion of degeneration.
There was something very wrong with that liquid.
You feel weakened.
You feel dopey.
You feel clumsy.
The orc wizard mumbles some strange words.
The orc wizard flickers and vanishes!
Deactivating autopickup; reactivate with Ctrl-A.
Something tries to affect you, but you resist.
You're too confused to move!
You're too confused to move!
You feel less confused. Something hits you but does no damage.
Space warps around you.
* * * LOW HITPOINT WARNING * * *
You closely miss something.
You hear some strange, mumbled words.
A puff of flame appears from out of thin air!
The puff of flame hits you!
You die...

.. ... #.# #.#
### #.# !...##
#.# ......##.#
#....###
#.#.@{.#########
..
##.....)<....#
#..
##.########.#
.#. #.# # .# #.#
. #.# #.# #.# #.


There were no monsters in sight!

Vanquished Creatures
  An orc wizard (D:2)
  An adder (D:2)
  2 dart slugs
  7 orcs
  2 ball pythons (D:3)
  5 endoplasms
  A giant cockroach (D:1)
  A quokka (D:2)
  A frilled lizard (D:3)
  2 kobolds (D:3)
23 creatures vanquished.

Notes
Turn   | Place    | Note
-------+----------+-------------------------------------------
     0 | D:1      | jlumianski the Gargoyle Fighter began the quest for the
                  | Orb.
     0 | D:1      | Reached XP level 1. HP: 14/14 MP: 1/1
   112 | D:2      | Reached XP level 2. HP: 15/19 MP: 2/2
   133 | D:2      | Reached XP level 3. HP: 18/24 MP: 3/3
   276 | D:3      | Reached XP level 4. HP: 23/29 MP: 4/4
   288 | D:3      | Identified the +8 long sword of the Thing {flame, rC+ Str+4
                  | Stlth-}
   409 | D:3      | Found a snail-covered altar of Cheibriados.
   504 | D:4      | Killed from afar by an orc wizard

Illustrated notes

Levels and vault maps discovered:
D:1:      minmay_arrival_split_and_join, layout_loops_ring,
          shapermc_ecumenical_altar_totnotflames, st_stairs_7
D:2:      layout_basic, uniq_crazy_yiuf_cottage, uniq_terence, uniq_jessica
D:3:      layout_rooms, nicolae_dithmenos_through_a_glass_darkly,
          kennysheep_slug_shrine, portal_sewer_entry_e, minmay_starry_boxes
D:4:      layout_rooms, grunt_ashenzari_visionary
          [grunt_ashenzari_visionary_shoals, grunt_ashenzari_visionary_snake],
          serial_shops, shop, gammafunk_ghost_split

Skill      XL: |  1  2  3  4 |
---------------+-------------+-----
Axes           | 2 |  2.2
Armour         | 4 |  4.0
Shields        | 4 |  4.0
Fighting       | |  3.9
Long Blades    | |  0.1
Dodging        | |  0.1

Action                     |  1- 3 |  4- 6 || total
---------------------------+-------+-------++-------
  Melee: War axe           |    29 |     3 ||    32
         Long sword        |       |    16 ||    16
  Throw: Stone             |       |     2 ||     2
    Use: Potion            |       |     1 ||     1
 Armour: Scale mail        |    28 |    17 ||    45
  Dodge: Dodged            |    19 |     8 ||    27
  Block: Buckler           |     6 |     1 ||     7

Table legend: (Time is in decaauts)
 A = Elapsed time spent in this place.
 B = Non-inter-level travel time spent in this place.
 C = Inter-level travel time spent in this place.
 D = Time resting spent in this place.
 E = Time spent auto-exploring this place.
 F = Levels seen in this place.
 G = Mean time per level.
                   A        B        C        D        E       F      G
               +--------+--------+--------+--------+--------+-----+--------+
         Total |    532 |    532 |      0 |     72 |    192 |   4 |  133.0 |
       Dungeon |    532 |    532 |      0 |     72 |    192 |   4 |  133.0 |
               +--------+--------+--------+--------+--------+-----+--------+

Top non-repeatable levels by time:
     D:3: 257 daAuts
     D:2: 130 daAuts
     D:1: 107 daAuts
     D:4: 36 daAuts
